 Dungeon Sprint DCSS version 0.30-a0-304-gdc4b735fe1 (webtiles) character file.

Game seed: 3090413642506792315

300 Low2 the Cruncher (level 6, -5/68 HPs)
             Began as an Ogre Gladiator on Oct 20, 2022.
             Slain by a slime creature (20 damage)
             ... in the Dungeon (Sprint I: "Red Sonja").
             The game lasted 00:01:35 (424 turns).

Low2 the Cruncher (Ogre Gladiator)                   Turns: 424, Time: 00:01:37

Health: -5/68      AC:  3    Str: 19    XL:     6   Next: 36%
Magic:  6/6        EV: 12    Int:  9    God:
Gold:   183        SH:  0    Dex: 12    Spells: 5/5 levels left

rFire   . . .      SeeInvis .    a - +0 quarterstaff
rCold   . . .      Faith    .    (shield currently unavailable)
rNeg    . . .      Spirit   .    b - +0 robe
rPois   .          Reflect  .    c - +0 hat
rElec   .          Harm     .    (no cloak)
rCorr   .          Rampage  .    (gloves unavailable)
Will    .....      NoTele   +    (boots unavailable)
Stlth   +.........               (no amulet)
HPRegen 0.31/turn                (no ring)
MPRegen 0.10/turn                (no ring)

@: no status effects
A: large, unfitting armour, tough skin 1
a: no special abilities


You were in the Dungeon.
You visited 1 branch You collected 183 gold pieces.

Inventory:

Hand Weapons
 a - a +0 quarterstaff (weapon)
Armour
 b - a +0 robe (worn)
 c - a +0 hat (worn)
Wands
 l - a wand of iceblast (7) (quivered)
Scrolls
 k - a scroll of blinking
Potions
 g - a potion of heal wounds
 h - a potion of haste
 i - 2 potions of magic
 j - a potion of berserk rage


   Skills:
 + Level 6.7 Fighting
 + Level 9.7 Staves
 + Level 4.3 Throwing
 + Level 6.6 Dodging


You had 5 spell levels left.
You didn't know any spells.
Your spell library was empty.

Dungeon Overview and Level Annotations

Branches:
Dungeon (1/1)

Altars:
Makhleb
Sif Muna
Vehumet
Wu Jian
Xom
Jiyva
Lugonu


Innate Abilities, Weirdness & Mutations

You are too large for most types of armour.
You have tough skin. (AC +1)


Message History

The slime creature is moderately wounded.
The slime creature barely misses you.
Aiming: Iceblast
Press: ? - help, Q - select action Shift-Dir - straight line, f/p - slime creature
Aim: a slime creature (moderately wounded) That beam is likely to hit you.
Continue anyway?
Okay, then.
Aiming: Iceblast
Press: ? - help, Q - select action Shift-Dir - straight line, p - slime creature That beam is likely to hit you.
Continue anyway?
Uppercase [Y]es or [N]o only, please.
That beam is likely to hit you.
Continue anyway?
Uppercase [Y]es or [N]o only, please.
That beam is likely to hit you.
Continue anyway?
The mass of ice explodes!
The iceblast engulfs the slime creature!
The slime creature is heavily wounded.
The iceblast engulfs you!
The slime creature hits you but does no damage.
You barely miss the slime creature.
The slime creature is heavily wounded.
The slime creature hits you.
You hit the slime creature.
The slime creature is heavily wounded.
You hit the slime creature.
The slime creature is heavily wounded.
The slime creature hits you! The slime creature hits you.
* * * LOW HITPOINT WARNING * * *
The slime creature attacks as you move away!
The slime creature hits you.
* * * LOW HITPOINT WARNING * * *
There is an open door here.
Aiming: Iceblast
Press: ? - help, Q - select action Shift-Dir - straight line The mass of ice explodes!
The iceblast engulfs the slime creature!
The slime creature is severely wounded.
The slime creature hits you!!
You die...

################ ##
#<.#.)').#..@J.#__#
#..'..#..').#..'.(+
#..#####'#####'#__#
#..# #..# #[# ##
#..# #### ##.# #..#
#+#_.+ #⌠⌠# +..._#
#### #_.#'# ##+#.#


You could see a slime creature.

Vanquished Creatures
  Sigmund (D)
  An ogre (D)
  A jelly (D)
  Ijyb (D)
4 creatures vanquished.

Notes
Turn   | Place    | Note
-------+----------+-------------------------------------------
     0 | D        | Low2 the Ogre Gladiator began the quest for the Orb.
     0 | D        | Reached XP level 1. HP: 22/22 MP: 1/1
     2 | D        | Noticed Ijyb
    20 | D        | Killed Ijyb
    21 | D        | Reached skill level 4 in Staves
    21 | D        | Reached XP level 2. HP: 25/31 MP: 2/2
    21 | D        | Reached XP level 3. HP: 30/37 MP: 3/3
    23 | D        | Noticed an ogre
    31 | D        | Killed an ogre
    32 | D        | Reached skill level 5 in Fighting
    32 | D        | Reached skill level 7 in Staves
    32 | D        | Reached skill level 5 in Dodging
    32 | D        | Reached XP level 4. HP: 14/50 MP: 4/4
   170 | D        | Noticed Sigmund
   190 | D        | Killed Sigmund
   191 | D        | Reached skill level 9 in Staves
   191 | D        | Reached XP level 5. HP: 38/61 MP: 5/5
   191 | D        | Reached XP level 6. HP: 43/68 MP: 6/6
   382 | D        | Found an ornate altar of the Wu Jian Council.
   382 | D        | Found a shimmering blue altar of Sif Muna.
   384 | D        | Found a radiant altar of Vehumet.
   410 | D        | Found a burning altar of Makhleb.
   410 | D        | Found a viscous altar of Jiyva.
   410 | D        | Found a shimmering altar of Xom.
   410 | D        | Found a corrupted altar of Lugonu.
   410 | D        | Noticed a slime creature
   424 | D        | Slain by a slime creature

Illustrated notes

Levels and vault maps discovered:
D:        dungeon_sprint_1 [red_sonja_temple_1, red_sonja_temple_small_1]

Skill      XL: |  1  2  3  4 |
---------------+-------------+-----
Fighting       | 3 5 6 |  6.7
Staves         | 4 7 9 |  9.7
Dodging        | 4 5 6 |  6.6
Throwing       | 3 4 |  4.3

Action                   |  1- 3 |  4- 6 || total
-------------------------+-------+-------++-------
Melee: Quarterstaff      |    20 |    22 ||    42
Throw: Throwing net      |     2 |     2 ||     4
       Large rock        |       |     2 ||     2
Evoke: Wand              |       |     2 ||     2
  Use: Potion            |       |     1 ||     1
Armor: Robe              |     2 |     4 ||     6
Dodge: Dodged            |     7 |     7 ||    14

Table legend: (Time is in decaauts)
 A = Elapsed time spent in this place.
 B = Non-inter-level travel time spent in this place.
 C = Inter-level travel time spent in this place.
 D = Time resting spent in this place.
 E = Time spent auto-exploring this place.
 F = Levels seen in this place.
 G = Mean time per level.
                   A        B        C        D        E       F      G
               +--------+--------+--------+--------+--------+-----+--------+
         Total |    424 |    424 |      0 |    302 |      0 |   1 |  424.0 |
       Dungeon |    424 |    424 |      0 |    302 |      0 |   1 |  424.0 |
               +--------+--------+--------+--------+--------+-----+--------+

Top non-repeatable levels by time:
       D: 424 daAuts
